 Dungeon Crawl Stone Soup version 0.29.0-11-gd7f09526c8 (webtiles) character file.

Game seed: 10693295227005347331

115 Zonian the Chiller (level 4, -2/30 HPs)
             Began as a Demonspawn Ice Elementalist on Sept 4, 2022.
             Slain by a gnoll
             ... wielding a +0 spear
              (3 damage)
             ... on level 3 of the Dungeon.
             The game lasted 00:06:18 (3491 turns).

Zonian the Chiller (Demonspawn Ice Elementalist)    Turns: 3491, Time: 00:06:20

Health: -2/30      AC:  5    Str:  9    XL:     4   Next: 68%
Magic:  6/8        EV: 12    Int: 24    God:
Gold:   86         SH:  0    Dex: 13    Spells: 8/9 levels left

rFire   . . .      SeeInvis .   r - +2 short sword (drain)
rCold   . . .      Faith    .   (no shield)
rNeg    . . .      Spirit   .   a - +0 robe
rPois   .          Reflect  .   (helmet restricted)
rElec   .          Harm     .   j - +0 cloak
rCorr   .          Rampage  .   (no gloves)
Will    .....                   (no boots)
Stlth   ++........              (no amulet)
HPRegen 0.10/turn               g - +6 ring of intelligence
MPRegen 0.11/turn               (no ring)

@: no status effects
A: hooves 1, slimy green scales 1, horns 1
a: no special abilities


You were on level 3 of the Dungeon.
You visited 1 branch of the dungeon, and saw 3 of its levels.

You collected 86 gold pieces.

Inventory:

Hand Weapons
 f - a +0 dagger
 n - a +0 war axe
 p - a +0 whip of electrocution
 r - a +2 short sword of draining (weapon)
Missiles
 d - 4 javelins
Armour
 a - a +0 robe (worn)
 j - a +0 cloak (worn)
Jewellery
 g - a +6 ring of intelligence (left hand)
Scrolls
 c - a scroll of fog
Potions
 b - a potion of magic
 e - a potion of mutation
 k - a potion of flight {unknown}
 m - a potion of ambrosia {unknown}
 q - a potion of invisibility {unknown}


   Skills:
 - Level 2.1 Dodging
 - Level 2.1 Stealth
 + Level 3.3 Spellcasting
 + Level 4.5 Ice Magic


You had 8 spell levels left.
You knew the following spells:

 Your Spells              Type           Power      Damage    Failure   Level
a - Freeze                Ice            100%       1d11      1%          1

Your spell library contained the following spells:

 Spells                   Type           Power      Damage    Failure   Level
 Frozen Ramparts          Ice            50%        1d8       4%          3
 Ozocubu's Armour         Ice            25%        N/A       4%          3
 Blink                    Tloc           6%         N/A       16%         2
 Gell's Gravitas          Tloc           3%         N/A       32%         3
 Lesser Beckoning         Tloc           3%         N/A       32%         3
 Teleport Other           Tloc           3%         N/A       32%         3
 Hailstorm                Conj/Ice       14%        3d5       38%         4
 Manifold Assault         Tloc           3%         N/A       96%         5


Dungeon Overview and Level Annotations

Branches:
Dungeon (3/15)

Altars:
Fedhas

Shops:
D:3 (

Annotations:
D:2 1 runed translucent door, Crazy Yiuf
D:3 1 exclusion


Innate Abilities, Weirdness & Mutations

You have large cloven feet.
You are partially covered in slimy green scales. (AC +2)
You have a pair of small horns on your head.


Message History

The gnoll is severely wounded.
The gnoll hits you from afar with a +0 spear.
You hit the gnoll but do no damage. You drain the gnoll. You kick the gnoll.
The gnoll is heavily wounded.
The gnoll barely misses you. The gnoll hits you with a +0 whip.
The gnoll barely misses you.
Unknown command.
You hit the gnoll.
You kill the gnoll!
The gnoll hits you from afar with a +0 spear.
The gnoll hits you with a +0 whip.
* * * LOW HITPOINT WARNING * * *
Your life force feels restored.
Unknown command.
Casting: Freeze (safe; 1% risk of failure)
Confirm with . or Enter, or press ? or * to list all spells.
Aiming: Freeze (safe; 1% risk of failure)
Press: ? - help, Shift-Dir - straight line, f - gnoll
Aim: a gnoll, wielding a +0 whip and quivering a throwing net (heavily wounded, heavily drained)
You freeze the gnoll.
The gnoll is almost dead.
The gnoll hits you but does no damage. The gnoll hits you with a +0 whip.
* * * LOW HITPOINT WARNING * * *
Unknown command.
Okay, then.
You aren't carrying any items that you can evoke.
Unknown command.
It was a potion of mutation.
You feel extremely strange. A pair of horns grows on your head!
The gnoll barely misses you. The gnoll hits you with a +0 whip.
* * * LOW HITPOINT WARNING * * *
Casting: Freeze (safe; 1% risk of failure)
Confirm with . or Enter, or press ? or * to list all spells.
Aiming: Freeze (safe; 1% risk of failure)
Press: ? - help, Shift-Dir - straight line, f/p - gnoll
Aim: a gnoll, wielding a +0 whip and quivering a throwing net (almost dead, heavily drained)
You freeze the gnoll!
You kill the gnoll!
The gnoll hits you from afar with a +0 spear.
You die...

....## #.# .####
#[# .# #.# .#
#.# .# #.# .#
#.# ### .# #.#
#...# .#
####.#####g..#.#
.#
#..(....@)......
.#
#.##.###)###.#.#
.# #.##.....# .#
#.######.# .#
#.# #.. ## #.#
... #.# .### #.#
. #.#


You could see a gnoll.

Vanquished Creatures
  4 gnolls (D:3)
  2 adders (D:2)
  A worm (D:2)
  2 dart slugs
  8 orcs (D:3)
  6 ball pythons
  6 endoplasms
  3 giant cockroaches
  5 goblins
  3 hobgoblins
  7 bats
  3 frilled lizards (D:1)
  A kobold (D:2)
  4 rats
55 creatures vanquished.

Vanquished Creatures (others)
  31 plants (D:3)
31 creatures vanquished.

Grand Total: 86 creatures vanquished

Notes
Turn   | Place    | Note
-------+----------+-------------------------------------------
     0 | D:1      | Zonian the Demonspawn Ice Elementalist began the quest for
                  | the Orb.
     0 | D:1      | Reached XP level 1. HP: 13/13 MP: 3/3
    89 | D:1      | Found a faded altar of an unknown god.
   491 | D:1      | Gained mutation: You have large cloven feet. [demonic
                  | ancestry]
   491 | D:1      | Reached XP level 2. HP: 12/19 MP: 3/5
  1481 | D:2      | Reached XP level 3. HP: 24/24 MP: 4/6
  1517 | D:2      | Reached skill level 4 in Ice Magic
  2061 | D:2      | Found a runed translucent door.
  2062 | D:2      | Noticed Crazy Yiuf
  2092 | D:2      | Found a blossoming altar of Fedhas.
  2439 | D:3      | Found Jeath's Weapon Shoppe.
  2608 | D:3      | Gained mutation: You are partially covered in slimy green
                  | scales. (AC +2) [demonic ancestry]
  2608 | D:3      | Reached XP level 4. HP: 29/30 MP: 6/8
  3490 | D:3      | Gained mutation: You have a pair of small horns on your
                  | head. [potion of mutation]
  3490 | D:3      | HP: 1/30 [gnoll/+0 whip (2)]
  3491 | D:3      | Slain by a gnoll

Illustrated notes

Levels and vault maps discovered:
D:1:      minmay_arrival_five_plusses, layout_loops_corners,
          basic_ecumenical_altar
D:2:      layout_basic, basic_altar, minmay_tromino_v4_a,
          uniq_crazy_yiuf_cottage
D:3:      layout_loops_ring, serial_shops, shop, minmay_tree_intersection,
          serial_bayou_lake_a

Skill      XL: |  1  2  3  4 |
---------------+-------------+-----
Stealth        | 2 |  2.1
Dodging        | 2 |  2.1
Ice Magic      | 4 |  4.5
Spellcasting   | 3 |  3.3

Action                   |  1- 3 |  4- 6 || total
-------------------------+-------+-------++-------
Melee: Dagger            |    74 |    14 ||    88
       Unarmed           |     1 |       ||     1
       Kick              |    14 |     9 ||    23
       Punch             |     1 |       ||     1
       Short sword       |       |    13 ||    13
       Whip              |       |     6 ||     6
 Cast: Freeze            |    37 |     8 ||    45
  Use: Scroll            |       |     6 ||     6
       Potion            |       |     1 ||     1
 Stab: Sleeping          |     5 |       ||     5
Armor: Robe              |    41 |     3 ||    44
Dodge: Dodged            |    91 |    24 ||   115
